 Dungeon Crawl Stone Soup version 0.31-a0-229-g1fc7ce93e2 (webtiles) character file.

Game seed: 2216691412255038337

137 Shard1697 the Cudgeller (level 5, -4/44 HPs)
             Began as an Armataur Fighter on July 6, 2023.
             Slain by Natasha (5 damage)
             ... on level 3 of the Dungeon.
             The game lasted 00:01:54 (2399 turns).

Shard1697 the Cudgeller (Armataur Fighter)          Turns: 2399, Time: 00:01:55

Health: -4/44      AC:  9    Str: 21    XL:     5   Next: 0%
Magic:  5/5        EV:  7    Int:  8    God:
Gold:   154        SH:  4    Dex: 12    Spells: 4/4 levels left

rFire   . . .        a - +0 flail
rCold   . . .        c - +0 buckler
rNeg    . . .        b - +0 scale mail
rPois   .            q - +1 helmet {SInv}
rElec   .            (no cloak)
rCorr   .            (no gloves)
SInv    +            (no barding)
Will    +....        (no amulet) Stlth
                     (no ring)
HPRegen 0.27/turn    (no ring)
MPRegen 0.09/turn

%: roll
@: brilliant, enlightened, flying, hasted, invisible, very quick
A: large, rugged brown scales 3, deformed body, armoured tail, roll, long
tongue, awkward tongue
a: no special abilities


You were on level 3 of the Dungeon.
You visited 1 branch of the dungeon, and saw 3 of its levels.

You collected 154 gold pieces.

Inventory:

Hand Weapons
 a - a +0 flail (weapon)
Armour
 b - a +0 scale mail (worn)
 c - a +0 buckler (worn)
 q - a +1 helmet of see invisible (worn)
Scrolls
 e - 2 scrolls of amnesia {unknown}
 g - 3 scrolls of identify {unknown}
 i - a scroll of poison {unknown}
 j - a scroll of immolation {unknown}
 l - a scroll of brand weapon {unknown}
 n - 3 scrolls of enchant weapon {unknown}
 o - a scroll of summoning {unknown}
Potions
 d - a potion of might
 r - a potion of heal wounds {unknown}


   Skills:
 - Level 2.6 Fighting
 + Level 4.7 Maces & Flails
 - Level 3.6 Armour
 - Level 3.2 Shields


You had 4 spell levels left.
You didn't know any spells.
Your spell library contained the following spells:

 Spells                   Type           Power      Damage    Failure   Level
 Magic Dart               Conj           0%         1d3       82%         1
 Sandblast                Erth           0%         2d4       82%         1
 Passwall                 Tmut/Erth      0%         N/A       91%         2
 Searing Ray              Conj           0%         2d4       91%         2
 Stone Arrow              Conj/Erth      0%         3d7       99%         3
 Fulminant Prism          Conj/Hex       0%         3d5       100%        4


Dungeon Overview and Level Annotations

Branches:
Dungeon (3/15)

Altars:

Annotations:
D:3 Natasha


Innate Abilities, Weirdness & Mutations

You are completely covered in rugged brown scales. (AC +3, +7% HP)
Armour fits poorly on your strangely shaped body.
You have a long armoured tail.
You roll when moving toward enemies. (Rampage)
Your long tongue fully drains potion bottles. (2x potion effects)
Your tongue gives you trouble enunciating. (1.5x scroll delay)


Message History

The cerulean imp hits you but does no damage. x2
You hit Natasha.
Natasha is moderately wounded.
Natasha claws you but does no damage. The cerulean imp barely misses you. x2
The cerulean imp hits you but does no damage.
You block Natasha's attack.
It was a potion of enlightenment.
You feel very buoyant.
You fly up into the air.
You slurp down every last drop of the potion of enlightenment!
The cerulean imp completely misses you.
The cerulean imp hits you but does no damage.
The cerulean imp hits you from afar with a +1 spear.
* * * LOW HITPOINT WARNING * * *
Natasha claws you.
* * * LOW HITPOINT WARNING * * *
It was a potion of magic.
Magic courses through your body.
You slurp down every last drop of the potion of magic!
The cerulean imp hits you with a +1 spear.
* * * LOW HITPOINT WARNING * * *
The cerulean imp hits you from afar with a +2 spear.
* * * LOW HITPOINT WARNING * * *
The cerulean imp barely misses you. Natasha claws you but does no damage.
It was a potion of haste.
You feel yourself speed up.
You slurp down every last drop of the potion of haste!
The cerulean imp disappears in a puff of smoke!
The cerulean imp hits you but does no damage.
The cerulean imp hits you from afar with a +1 spear.
* * * LOW HITPOINT WARNING * * *
Natasha claws you.
* * * LOW HITPOINT WARNING * * *
It was a potion of invisibility.
You fade into invisibility!
You slurp down every last drop of the potion of invisibility!
The cerulean imp hits you but does no damage. x2
It was a potion of brilliance.
You feel clever all of a sudden.
You slurp down every last drop of the potion of brilliance!
Natasha claws you.
You die...

#.####.######...#.##########.#
#.
#...............#........#.#.#
#.
######.######..###.#####.#.#.#
#. #.. ####..# #.#####.#.#.#
#. #...#.....# #.........#.#
#. ....#.###.# #..####.#.#.#
#. ....#.###.###.......#.#.#
#. ...........5.#.##..###.#.#
#. ...........#@#.......#.#.#
## .......5##h#.....###.#.#
<.........5..........#.#
.#.#######.#.........#.#### .
#.#..######.#.....
#.#.........#.####
#............).###
#....#...........#
#.#..######.#.....


You could see Natasha and 2 cerulean imps.

Vanquished Creatures
  Natasha (D:3)
  Terence (D:3)
  Robin (D:3)
  A gnoll (D:1)
  2 adders
  2 worms (D:2)
  A dart slug (D:2)
  2 endoplasms
  3 giant cockroaches
  7 goblins (D:3)
  7 hobgoblins
  2 quokkas (D:2)
  3 frilled lizards (D:1)
  6 kobolds
  3 rats
  A spectral kobold (D:1)
43 creatures vanquished.

Notes
Turn   | Place    | Note
-------+----------+-------------------------------------------
     0 | D:1      | Shard1697 the Armataur Fighter began the quest for the Orb.
     0 | D:1      | Reached XP level 1. HP: 19/19 MP: 1/1
    61 | D:1      | Reached skill level 2 in Maces & Flails
   324 | D:1      | Reached XP level 2. HP: 26/26 MP: 2/2
   638 | D:1      | Found a faded altar of an unknown god.
   656 | D:1      | Reached skill level 3 in Maces & Flails
  1027 | D:2      | Reached XP level 3. HP: 28/32 MP: 3/3
  1391 | D:3      | Noticed Robin
  1417 | D:3      | Killed Robin
  1418 | D:3      | Reached skill level 4 in Maces & Flails
  1418 | D:3      | Reached XP level 4. HP: 26/39 MP: 4/4
  1789 | D:3      | Noticed Terence
  1804 | D:3      | Killed Terence
  2040 | D:3      | Noticed Natasha
  2045 | D:3      | Killed Natasha
  2046 | D:3      | Reached XP level 5. HP: 22/44 MP: 5/5
  2377 | D:3      | Noticed Natasha
  2397 | D:3      | HP: 2/44 [cerulean imp/+1 spear[Natasha] (3)]
  2399 | D:3      | Slain by Natasha

Illustrated notes

Levels and vault maps discovered:
D:1:      shiori_shiawase, layout_basic,
          dreamdust_ecumenical_altar_drowned_temple
D:2:      layout_rooms, nicolae_underground_beach
D:3:      minmay_angry_zag, layout_basic, lightli_corner_chamber, uniq_natasha,
          uniq_robin, uniq_terence

Skill      XL: |  1  2  3 |
---------------+----------+-----
Maces & Flails | 2 3 4 |  4.7
Fighting       | |  2.6
Armour         | |  3.6
Shields        | |  3.2

Action                     |  1- 3 |  4- 6 || total
---------------------------+-------+-------++-------
  Melee: Flail             |   102 |    47 ||   149
         Tailslap          |     7 |     5 ||    12
    Use: Potion            |       |     5 ||     5
 Armour: Scale mail        |    51 |    35 ||    86
  Dodge: Dodged            |    30 |    22 ||    52
  Block: Buckler           |    18 |     9 ||    27

Table legend: (Time is in decaauts)
 A = Elapsed time spent in this place.
 B = Non-inter-level travel time spent in this place.
 C = Inter-level travel time spent in this place.
 D = Time resting spent in this place.
 E = Time spent auto-exploring this place.
 F = Levels seen in this place.
 G = Mean time per level.
                   A        B        C        D        E       F      G
               +--------+--------+--------+--------+--------+-----+--------+
         Total |   2435 |   2362 |     73 |     75 |   1953 |   3 |  811.7 |
       Dungeon |   2435 |   2362 |     73 |     75 |   1953 |   3 |  811.7 |
               +--------+--------+--------+--------+--------+-----+--------+

Top non-repeatable levels by time:
     D:3: 1088 daAuts
     D:1: 880 daAuts
     D:2: 465 daAuts
